 Dungeon Crawl Stone Soup version 0.31-a0-1343-gcd514f47d3 (webtiles) character file.

Game seed: 13551971048628694833

746 Querens the Shield-Bearer (level 8, -1/48 (63) HPs)
             Began as a Formicid Fighter on Dec 22, 2023.
             Killed from afar by Dowan (9 damage)
             ... with a puff of frost
             ... on level 4 of the Dungeon.
             The game lasted 00:08:26 (1959 turns).

Querens the Shield-Bearer (Formicid Fighter)        Turns: 1959, Time: 00:08:27

HP:   -1/48 (63)    AC:  7    Str: 24    XL:     8   Next: 5%
MP:   8/8           EV:  9    Int:  7    God:
Gold: 326           SH: 10    Dex: 13    Spells: 7/7 levels left

rFire   + . .        d - +5 scythe (flame)
rCold   . . .        c - +0 buckler
rNeg    . . .        b - +0 scale mail
rPois   .            (helmet unavailable)
rElec   .            (no cloak)
rCorr   .            (no gloves)
SInv    +            (no boots)
Will    .....        v - amulet of reflection Stlth
                     h - ring of protection from fire
HPRegen 0.28/turn    (no ring)
MPRegen 0.11/turn

%: reflection
@: heavily drained
A: permanent stasis, dig shafts and tunnels, antennae 3, four strong arms
a: Dig, Shaft Self


You were on level 4 of the Dungeon.
You visited 1 branch of the dungeon, and saw 4 of its levels.

You collected 326 gold pieces.

Inventory:

Hand Weapons
 a - a +0 war axe
 d - a +5 scythe of flaming (weapon)
Armour
 b - a +0 scale mail (worn)
 c - a +0 buckler (worn)
Jewellery
 h - a ring of protection from fire (left hand)
 v - an amulet of reflection (around neck)
Talismans
 e - a beast talisman
Wands
 w - a wand of charming (7)
Scrolls
 i - a scroll of brand weapon {unknown}
 j - a scroll of poison {unknown}
 n - a scroll of fear {unknown}
 o - a scroll of identify {unknown}
 q - a scroll of enchant armour {unknown}
 s - a scroll of enchant weapon {unknown}
 t - 2 scrolls of teleportation {unknown}
 u - a scroll of blinking {unknown}
Potions
 f - a potion of haste
 g - a potion of invisibility {unknown}
 k - a potion of attraction {unknown}
 l - a potion of degeneration {unknown}
 m - a potion of enlightenment {unknown}
 p - 2 potions of berserk rage {unknown}
 r - a potion of curing {unknown}


   Skills:
 + Level 5.6 Fighting
 + Level 4.5 Axes
 + Level 5.6 Armour
 + Level 6.7 Shields


You had 7 spell levels left.
You didn't know any spells.
Your spell library contained the following spells:

 Spells                   Type           Power      Damage    Failure   Level
 Apportation              Tloc           0%         N/A       77%         1
 Gell's Gravitas          Tloc           0%         N/A       98%         3
 Teleport Other           Tloc           0%         N/A       98%         3
 Dispersal                Tloc           0%         N/A       100%        6


Dungeon Overview and Level Annotations

Branches:
Dungeon (4/15)             Temple (0/1) D:4

Altars:
Cheibriados
Dithmenos
Nemelex Xobeh
Ru
Vehumet

Annotations:
D:4 Dowan, Duvessa


Innate Abilities, Weirdness & Mutations

You cannot be hasted, slowed, berserked, paralysed or teleported.
You can dig through walls and to a lower floor.
You have a pair of large antennae on your head. (SInv)
Your four strong arms can wield two-handed weapons with a shield.


Message History

Dowan casts a spell at you. The puff of flame hits you. You resist.
You hit Dowan. You burn Dowan.
Dowan is lightly wounded.
You hit Duvessa but do no damage. Duvessa hits you but does no damage.
You feel drained. Dowan hits you with a +0 dagger.
You hit Duvessa. You burn Duvessa.
Duvessa is moderately wounded.
Duvessa barely misses you.
Dowan points at you and mumbles some strange words.
The puff of frost hits you.
You hit Duvessa. You burn Duvessa.
Duvessa is moderately wounded.
Duvessa hits you with a +3 rapier of draining.
You feel drained.
Dowan casts a spell.
Dowan blinks!
Duvessa hits you with a +3 rapier of draining!
You feel drained.
You slash Duvessa! You burn Duvessa.
Duvessa is severely wounded.
Duvessa hits you with a +3 rapier of draining.
You feel drained.
You slash Dowan! You burn Dowan.
Dowan is severely wounded.
Duvessa barely misses you. You block Dowan's attack.
You barely miss Duvessa.
Duvessa is severely wounded.
Duvessa hits you with a +3 rapier of draining!
You feel drained. Dowan hits you but does no damage.
You block Duvessa's attack. Dowan hits you with a +0 dagger.
You closely miss Duvessa.
Duvessa is severely wounded.
Duvessa hits you with a +3 rapier of draining.
* * * LOW HITPOINT WARNING * * *
You feel drained.
* * * LOW HITPOINT WARNING * * *
Dowan points at you and mumbles some strange words.
The puff of frost hits you!
You die...

{ ...... #+ ### ###..
##.####..####. ##..
#....#........ #...
#....#........ #...
#....#........ #...
#....#........ #...
#....#.......8 #...
#....e@e.....> #...
######'####..##8 ##..
#..#...####..##########).
#........#...............
#........#...............
#........#...............
####.....####...###...####.
#...##'######...###...####.
##.......#.................


You could see Duvessa and Dowan.

Vanquished Creatures
  Grinder (D:3)
  Sigmund (D:4)
  Blork the orc (D:3)
  A scorpion (D:4)
  2 jellies (D:4)
  A hound (D:4)
  Terence (D:3)
  An orc wizard (D:4)
  Robin (D:4)
  2 adders (D:3)
  A dart slug (D:3)
  5 orcs (D:4)
  2 ball pythons
  A bat (D:2)
  10 endoplasms
  4 giant cockroaches
  13 goblins
  9 hobgoblins
  12 jackals
  9 kobolds
  A quokka (D:3)
  2 frilled lizards
  5 rats
86 creatures vanquished.

Notes
Turn   | Place    | Note
-------+----------+-------------------------------------------
     0 | D:1      | Querens the Formicid Fighter began the quest for the Orb.
     0 | D:1      | Reached XP level 1. HP: 18/18 MP: 1/1
   149 | D:1      | Reached XP level 2. HP: 24/24 MP: 2/2
   250 | D:1      | Found a faded altar of an unknown god.
   258 | D:1      | Got Plato's Opusculum on Dislocation
   447 | D:2      | Reached XP level 3. HP: 29/29 MP: 3/3
   860 | D:3      | Noticed Grinder
   878 | D:3      | Killed Grinder
   879 | D:3      | Reached skill level 5 in Shields
   879 | D:3      | Reached XP level 4. HP: 28/38 MP: 4/4
   879 | D:3      | Reached XP level 5. HP: 31/43 MP: 5/5
   879 | D:3      | Reached XP level 6. HP: 36/49 MP: 6/6
  1440 | D:3      | Noticed Terence
  1456 | D:3      | Killed Terence
  1623 | D:4      | Reached XP level 7. HP: 13/55 MP: 7/7
  1661 | D:4      | Noticed Blork the orc
  1670 | D:3      | Killed Blork the orc
  1671 | D:3      | Reached skill level 5 in Fighting
  1671 | D:3      | Reached skill level 5 in Armour
  1671 | D:3      | Reached skill level 6 in Shields
  1677 | D:4      | Noticed Robin
  1688 | D:4      | Killed Robin
  1715 | D:4      | Noticed Sigmund
  1728 | D:4      | Killed Sigmund
  1859 | D:4      | Found a sacrificial altar of Ru.
  1859 | D:4      | Found a radiant altar of Vehumet.
  1859 | D:4      | Found a snail-covered altar of Cheibriados.
  1859 | D:4      | Found a shadowy altar of Dithmenos.
  1859 | D:4      | Found a sparkling altar of Nemelex Xobeh.
  1859 | D:4      | Found a shadowy altar of Dithmenos.
  1864 | D:4      | Reached XP level 8. HP: 55/63 MP: 8/8
  1949 | D:4      | Noticed Duvessa
  1949 | D:4      | Noticed Dowan
  1950 | D:4      | Found a staircase to the Ecumenical Temple.
  1959 | D:4      | Killed from afar by Dowan

Illustrated notes

Levels and vault maps discovered:
D:1:      wander_arrival_estate, layout_rooms,
          shapermc_ecumenical_altar_rom_forum, serial_corexii_hall,
          chequers_hall_statues_corner_a, corexii_hall_statues_i,
          corexii_hall_statues_i, corexii_hall_statues_i
D:2:      wander_river, layout_loops_ring
D:3:      layout_loops_ring, chequers_serial_rivers_room_a,
          wander_ebering_terrifying_dragon_lair, uniq_grinder, uniq_terence
D:4:      cheibrodos_fertilizer, layout_gridville, temple_statues, uniq_duvessa,
          uniq_sigmund, uniq_blork_the_orc, uniq_robin

Skill      XL: |  1  2  3  4  5  6  7 |
---------------+----------------------+-----
Fighting       | 4 5 |  5.6
Axes           | 3 4 |  4.5
Armour         | 4 5 |  5.6
Shields        | 5 6 |  6.7

Action                     |  1- 3 |  4- 6 |  7- 9 || total
---------------------------+-------+-------+-------++-------
  Melee: War axe           |    81 |    91 |    30 ||   202
         Halberd           |       |       |    35 ||    35
Ability: Dig               |       |       |     1 ||     1
    Use: Potion            |     1 |       |     2 ||     3
 Armour: Scale mail        |    49 |    77 |    49 ||   175
  Dodge: Dodged            |    39 |    55 |    24 ||   118
  Block: Buckler           |    21 |    31 |    14 ||    66

Table legend: (Time is in decaauts)
 A = Elapsed time spent in this place.
 B = Non-inter-level travel time spent in this place.
 C = Inter-level travel time spent in this place.
 D = Time resting spent in this place.
 E = Time spent auto-exploring this place.
 F = Levels seen in this place.
 G = Mean time per level.
                   A        B        C        D        E       F      G
               +--------+--------+--------+--------+--------+-----+--------+
         Total |   2059 |   1890 |    169 |      0 |      0 |   4 |  514.8 |
       Dungeon |   2059 |   1890 |    169 |      0 |      0 |   4 |  514.8 |
               +--------+--------+--------+--------+--------+-----+--------+

Top non-repeatable levels by time:
     D:3: 807 daAuts
     D:2: 467 daAuts
     D:1: 416 daAuts
     D:4: 366 daAuts
